 Dungeon Crawl Stone Soup version 0.21.1-1-g345015f (webtiles) character file.

217 vatarom the Scratcher (level 5, -2/23 HPs)
             Began as a Felid Transmuter on Mar 23, 2018.
             Slain by an orc wizard
             ... wielding a +0 dagger
              (5 damage)
             ... on level 4 of the Dungeon.
             The game lasted 00:10:44 (3945 turns).

vatarom the Scratcher (Felid Transmuter)            Turns: 3945, Time: 00:10:45

Health: -2/23      AC:  2    Str:  8    XL:     5   Next: 61%
Magic:  2/10       EV: 24    Int: 14    God:
Gold:   168        SH:  0    Dex: 22    Spells: 3/9 levels left
                                        Lives:  0   Deaths: 1

rFire    . . .     SeeInvis +     - Unarmed
rCold    . . .     Gourm    .   (shield unavailable)
rNeg     . . .     Faith    .   (armour unavailable)
rPois    x         Spirit   .   (helmet unavailable)
rElec    .         Reflect  .   (cloak unavailable)
rCorr    .         Harm     .   (gloves unavailable)
MR       .....                  (boots unavailable)
Stlth    ++........             (no amulet)
HPRegen  0.07/turn              (no ring)
MPRegen  0.12/turn              (no ring)

@: spider-form, very slightly contaminated
A: tiny, no armour, no weapons or thrown items, stealth, see invisible,
carnivore, slow metabolism 1
a: End Transformation


You were on level 4 of the Dungeon.
You were not hungry.
You were a venomous arachnid creature.
You visited 1 branch of the dungeon, and saw 5 of its levels.

You collected 168 gold pieces.

Inventory:

Scrolls
 a - a scroll of blinking
 d - 4 scrolls of identify
 i - a scroll of magic mapping
 j - a scroll of fog {unknown}
 k - 2 scrolls of teleportation
 l - 3 scrolls of remove curse {unknown}
 q - a scroll of random uselessness {unknown}
Potions
 f - a potion of invisibility
 g - 2 potions of heal wounds {unknown}
 h - a potion of magic {unknown}
 m - 2 potions of degeneration {unknown}
 n - 2 potions of mutation {unknown}
 o - a potion of brilliance {unknown}
Books
 b - a book of Changes

   Spells                             Type                      Level
   a - Beastly Appendage              Transmutation                1
   b - Sticks to Snakes               Transmutation                2
   c - Spider Form                    Transmutation/Poison         3
   d - Ice Form                       Ice/Transmutation            4
   e - Blade Hands                    Transmutation                5
 p - a book of Cantrips

   Spells                             Type                      Level
   a - Confusing Touch                Hexes                        1
   b - Animate Skeleton               Necromancy                   1
   c - Summon Small Mammal            Summoning                    1
   d - Apportation                    Translocation                1
Comestibles
 c - 6 rations


   Skills:
 + Level 2.4 Fighting
 + Level 4.4 Dodging
 * Level 4.6 Unarmed Combat
 + Level 2.9 Spellcasting
 * Level 4.5 Transmutations


You had 3 spell levels left.
You knew the following spells:

 Your Spells              Type           Power        Failure   Level  Hunger
a - Beastly Appendage     Tmut           ##....       11%         1    #......
b - Sticks to Snakes      Tmut           ##......     14%         2    ##.....
c - Spider Form           Tmut/Pois      #.........   47%         3    ###....


Dungeon Overview and Level Annotations

Branches:
Dungeon (5/15)
 Temple: D:4-7

Altars:
Dithmenos
Okawaru
Ru

Annotations:
D:4 Dowan; Shinoi's ghost, amateur DsAK


Innate Abilities, Weirdness & Mutations

You cannot wear armour.
You are incapable of wielding weapons or throwing items.
Your paws allow you to move quietly. (Stealth)
((You have sharp claws.))
((You have razor-sharp teeth.))
You have supernaturally acute eyesight. (SInv)
You are carnivorous and can eat meat at any time.
((You cover ground quickly.))
((You are covered in thick fur. (AC +2)))
You have a slow metabolism.
((Your sharp claws are effective at attacking unaware monsters.))


Message History

a dagger; a scale mail The orc wizard points at you and mumbles some strange words.
The magic dart hits you!
* * * LOW HITPOINT WARNING * * *
The orc wizard casts a spell.
The orc wizard blinks!
There is a stone staircase leading up here.
The orc wizard closely misses you.
You climb upwards.
Level annotation: Dowan; Shinoi's ghost, amateur DsAK
There is a stone staircase leading down here.
Casting: Spider Form
Confirm with . or Enter, or press ? or * to list all spells.
You miscast Spider Form.
You feel odd. The orc wizard misses you.
Unknown command.
Casting: Spider Form
Confirm with . or Enter, or press ? or * to list all spells.
You turn into a venomous arachnid creature.
The orc wizard hits you with a dagger.
You die...

####.#.####.####..##.##
##....† .....#.# #.#
#..###.## ##.#####
.......#
#.####.......###.## #
########
#...........#.#..# # #
#.####.####.##.#.# # #
#.# #.####.##.#.# # #
#.# #....#....#.# # #
#.######.....###.######
# #....os..#...#
#.....# #
########...#.# #####.#
### ##.##.# #.# ..#
#.##.# ####.## #.#
#.##.####...... #.#
#......##.##.## ..#
#..###.##.##.# #.#
####..# #....##.# #)#
#...#.###.#####.#


You could see an orc wizard.

Vanquished Creatures
  Duvessa (D:4)
  A scorpion (D:4)
  A hound (D:4)
  A centaur skeleton (D:4)
  Jessica (D:2)
  A worker ant (D:4)
  A howler monkey zombie (D:5)
  Robin (D:4)
  3 adders
  3 worms
  3 dart slugs
  A leopard gecko (D:4)
  4 orcs
  3 giant cockroaches
  19 goblins
  7 hobgoblins
  2 jackals (D:1)
  A quokka (D:3)
  A ball python (D:3)
  5 bats
  7 frilled lizards
  2 kobolds (D:1)
  7 rats
76 creatures vanquished.

Vanquished Creatures (collateral kills)
  A worm (D:3)
  A leopard gecko (D:2)
  An orc (D:4)
  A bat (D:2)
  2 giant cockroaches
  3 hobgoblins
  2 jackals (D:1)
  A kobold (D:2)
12 creatures vanquished.

Grand Total: 88 creatures vanquished

Notes
Turn   | Place    | Note
-------+----------+-------------------------------------------
     0 | D:1      | vatarom the Felid Transmuter began the quest for the Orb.
     0 | D:1      | Reached XP level 1. HP: 9/9 MP: 4/4
   218 | D:1      | Reached XP level 2. HP: 9/12 MP: 3/6
   337 | D:1      | Learned a level 2 spell: Sticks to Snakes
   649 | D:1      | Reached XP level 3. HP: 10/15 MP: 7/7
   980 | D:1      | Learned a level 3 spell: Spider Form
  1294 | D:2      | Noticed Jessica
  1310 | D:2      | Killed Jessica
  1361 | D:2      | Reached XP level 4. HP: 14/19 MP: 6/8
  1986 | D:3      | Found a shadowy altar of Dithmenos.
  2231 | D:3      | Found a sacrificial altar of Ru.
  2231 | D:3      | Found an iron altar of Okawaru.
  2811 | D:4      | Reached XP level 5. HP: 22/22 MP: 5/9
  3136 | D:4      | Noticed Shinoi's ghost (amateur DsAK)
  3353 | D:4      | Noticed Robin
  3360 | D:4      | Killed Robin
  3361 | D:4      | Gained mutation: You are covered in thick fur. (AC +2) [Felid growth]
  3361 | D:4      | Reached XP level 6. HP: 10/26 MP: 7/11
  3663 | D:4      | Noticed Duvessa
  3663 | D:4      | Noticed Dowan
  3671 | D:4      | HP: 1/39 [Duvessa/short sword of venom (7)]
  3672 | D:4      | Killed Duvessa
  3672 | D:4      | Succumbed to Duvessa's poison
  3673 | D:4      | Reached XP level 5. HP: -1/34 MP: 8/10
  3900 | D:5      | Entered Level 5 of the Dungeon
  3945 | D:4      | Slain by an orc wizard

Skill      XL: |  1  2  3  4  5 |
---------------+----------------+-----
Dodging        | 3 4 |  4.4
Transmutations | 3 4 |  4.5
Fighting       | 2 |  2.4
Unarmed Combat | 4 |  4.6
Spellcasting   | |  2.9

Action                   |  1- 3 |  4- 6 || total
-------------------------+-------+-------++-------
Melee: Unarmed           |   102 |   125 ||   227
       Bite              |     6 |     8 ||    14
       Headbutt          |    11 |     3 ||    14
       Punch             |     1 |     1 ||     2
 Cast: Beastly Appendage |    16 |     8 ||    24
       Sticks to Snakes  |     6 |     6 ||    12
       Spider Form       |       |    12 ||    12
  Use: Scroll            |     3 |       ||     3
       Potion            |       |     3 ||     3
 Stab: Sleeping          |     1 |     2 ||     3
       Distracted        |       |     1 ||     1
       Invisible         |       |     2 ||     2
  Eat: Chunk             |     9 |     5 ||    14
Armor: Skin              |     4 |     8 ||    12
Dodge: Dodged            |    92 |   104 ||   196
